[Event "*** Titled Tuesday Blitz"]
[Site "Chess.com"]
[Date "2020.04.14"]
[Round "8"]
[White "2008king"]
[Black "sergeikim"]
[Result "0-1"]
[WhiteElo "2046"]
[BlackElo "2371"]
[TimeControl "180+1"]
[EndTime "11:29:04 PDT"]
[Termination "sergeikim won by checkmate"]

1. e4 e5 2. Nf3 Nc6 3. d4 exd4 4. Nxd4 Bc5 5. Nb3 Bb6 6. Nc3 Nf6 7. Qe2 d6 8. Bg5 h6 9. Bh4 g5 10. Bg3 Be6 11.
O-O-O Qe7 12. Nd5 Bxd5 13. exd5 Ne5 14. h4 O-O-O 15. f3 Nh5 16. Bh2 Kb8 17. g4 Nf4 18. Bxf4 gxf4 19. Nd4 Rhe8 20. Nf5 Qf6 21. Qg2 h5 22.
Bb5 Rg8 23. Nd4 hxg4 24. fxg4 f3 25. Qd2 Rxg4 26. c3 Rxh4 27. Rxh4 Qxh4 28. Nf5 Qf6 29. Ng3 a6 30. Bf1 Ng4 31. Kb1 Re8 32. Bd3 Nf2 33.
Rf1 Nxd3 34. Qxd3 f2 35. Ne4 Qf4 36. Nd2 Re1+ 37. Kc2 f5 38. Qh3 Be3 39. Nb3 Qe4# 0-1

[Event "*** Titled Tuesday Blitz"]
[Site "Chess.com"]
[Date "2020.04.14"]
[Round "8"]
[White "Carnivoras"]
[Black "MathiasWomacka"]
[Result "0-1"]
[WhiteElo "2627"]
[BlackElo "2467"]
[TimeControl "180+1"]
[EndTime "11:29:06 PDT"]
[Termination "MathiasWomacka won by resignation"]

1. d4 Nf6 2. Nf3 e6 3. Bg5 c5 4. e3 Qb6 5. Nc3 Qxb2 6. Nb5 Na6 7. Rb1 Qxa2 8. Ra1 Qb2 9. Rxa6 bxa6 10. Nc7+ Kd8 11.
Nxa8 cxd4 12. exd4 Bb4+ 13. Bd2 Bb7 14. Ne5 Ne4 15.
Nc4 Bxd2+ 16. Nxd2 Qxd4 17. Nxe4 Qxe4+ 18. Be2 Qxg2 19. Rf1 Bxa8 20. Qd6 Qc6 21. Qb8+ Qc8 22. Qd6 Qc3+ 23. Kd1 Qc7 24. Qxa6 Ke7 25. Bd3 Bf3+ 26. Kc1 Qf4+ 27. Kb2 Rb8+ 28. Ka2 Bd5+ 0-1

[Event "*** Titled Tuesday Blitz"]
[Site "Chess.com"]
[Date "2020.04.14"]
[Round "8"]
[White "Lysiak_Poltorak"]
[Black "RaphCamora"]
[Result "1-0"]
[WhiteElo "2268"]
[BlackElo "2414"]
[TimeControl "180+1"]
[EndTime "11:29:06 PDT"]
[Termination "Lysiak_Poltorak won by resignation"]

1. d4 d5 2. c4 e6 3. Nc3 c6 4.
e4 dxe4 5. Nxe4 Bb4+ 6. Bd2 Qxd4 7. Bxb4 Qxe4+ 8. Be2 Na6 9. Ba5 b6 10. Qd6 bxa5 11. O-O-O f6 12. Bd3 Qxg2 13. Ne2 Qg5+ 14. Kb1 Qc5 15. Qg3 Qe7 16. Be4 Bb7 17. Nd4 Rc8 18. Rhe1 Kf7 19. Nxe6 Qxe6 20. Bxh7 Rxh7 21. Rxe6 Kxe6 22. Qd3 Nc5 23. Qxh7 Kf7 24. Qh5+ g6 25. Qxc5 Ne7 26. Rd7 1-0

[Event "*** Titled Tuesday Blitz"]
[Site "Chess.com"]
[Date "2020.04.14"]
[Round "8"]
[White "SketchyMoves"]
[Black "tvjosue"]
[Result "0-1"]
[WhiteElo "2636"]
[BlackElo "2521"]
[TimeControl "180+1"]
[EndTime "11:29:07 PDT"]
[Termination "tvjosue won by resignation"]

1. e4 c5 2. Nc3 a6 3. g3 b5 4. Bg2 Bb7 5. f4 e6 6. d3 Nc6 7.
Nf3 Nf6 8. O-O b4 9. Ne2 d5 10. e5 Nd7 11. c3 Be7 12. Be3 a5 13. h3 a4 14. a3 bxc3 15. bxc3 O-O 16. g4 Na5 17. d4 Nb3 18. Ra2 Ba6 19. f5 Bc4 20. Rf2 Rc8 21. Nf4 cxd4 22. cxd4 Qb6 23. Kh2 Rfe8 24.
Nh5 Bf8 25. Ng5 Nxe5 26. fxe6 fxe6 27. Bf1 Ng6 28. Qb1 e5 29. Rf5 exd4 30. Bf4 Bxf1 31.
Qxf1 Nxf4 32. Qxf4 Bd6 0-1

[Event "*** Titled Tuesday Blitz"]
[Site "Chess.com"]
[Date "2020.04.14"]
[Round "8"]
[White "Zaven_ChessMood"]
[Black "tigra"]
[Result "1-0"]
[WhiteElo "2926"]
[BlackElo "2848"]
[TimeControl "180+1"]
[EndTime "11:29:09 PDT"]
[Termination "Zaven_ChessMood won by resignation"]

1. e4 c5 2. Nc3 a6 3. Nf3 d6 4. d4 cxd4 5. Nxd4 Nf6 6. Be3 Ng4 7.
Bc1 Nf6 8. h3 Nc6 9. Be3 e6 10.
g4 Be7 11. Bg2 Nd7 12. O-O O-O 13. f4 Nxd4 14. Qxd4 e5 15. Qd2 exf4 16. Bxf4 Ne5 17. Nd5 Be6 18. Nxe7+ Qxe7 19. b3 Rfd8 20. Rad1 b5 21.
c3 Rac8 22. Be3 h6 23. Bd4 Qc7 24. g5 h5 25. Rf4 Nc6 26. Rdf1 Nxd4 27. cxd4 Qc3 28. Qf2 Qc2 29. d5 Qxf2+ 30. R1xf2 Rc1+ 31. Kh2 Bc8 32. Rxf7 Kh7 33. Re7 Kg6 34. h4 Re1 35.
Rc7 Bd7 36. Kg3 Re3+ 37. Kh2 b4 38. Rb7 a5 39. Ra7 a4 40. bxa4 Ra3 41. a5 b3 42.
axb3 Rxb3 43. e5 Bf5 44. e6 Rc8 45. e7 Re3 46. Rxf5 Kxf5 47. Bh3+ Rxh3+ 48. Kxh3 Ke5 49. a6 Kf4 50. Rc7 Rb8 51. a7 1-0

[Event "*** Titled Tuesday Blitz"]
[Site "Chess.com"]
[Date "2020.04.14"]
[Round "8"]
[White "lachesisQ"]
[Black "jefferyx"]
[Result "1-0"]
[WhiteElo "3097"]
[BlackElo "2899"]
[TimeControl "180+1"]
[EndTime "11:29:10 PDT"]
[Termination "lachesisQ won on time"]

1. c4 e5 2. Nc3 Nf6 3. Nf3 Nc6 4.
e4 Bc5 5. Nxe5 Nxe5 6. d4 Bb4 7. dxe5 Nxe4 8. Qf3 Nxc3 9. bxc3 Ba5 10. Bf4 O-O 11.
O-O-O Qe7 12. Kb2 Rb8 13. Qe3 b5 14. c5 b4 15. c4 Bb7 16. h4 b3 17. a3 f6 18. Rh3 fxe5 19. Bxe5 d6 20. cxd6 cxd6 21.
Bd4 Qxe3 22. Bxe3 Be4 23. Bd3 Bxg2 24. Rg3 Bf3 25. Rdg1 g6 26. h5 Bxh5 27. Rg5 Bb6 28. Rxh5 Bxe3 29. fxe3 Rf2+ 30. Kc3 Rf3 31. Rb5 Re8 32.
Re1 Rexe3 33. Rxe3 Rxe3 34. Rxb3 h5 35. Kd4 Rg3 36.
Kd5 h4 37. Kxd6 h3 38. c5 h2 39. Bc4+ Kg7 40. Rb7+ Kh6 41. Bg8 Rd3+ 42. Ke5 Kg5 43. Rh7 Rd2 44. c6 1-0

[Event "*** Titled Tuesday Blitz"]
[Site "Chess.com"]
[Date "2020.04.14"]
[Round "8"]
[White "2L8IWUN"]
[Black "francyIM"]
[Result "1-0"]
[WhiteElo "2382"]
[BlackElo "2612"]
[TimeControl "180+1"]
[EndTime "11:29:10 PDT"]
[Termination "2L8IWUN won by resignation"]

1. d4 Nf6 2. Nf3 d5 3. Bf4 c5 4. e3 Nc6 5. Nbd2 cxd4 6. exd4 Bf5 7. c3 e6 8. Qb3 Bd6 9. Bxd6 Qxd6 10. Nh4 Bg6 11.
Nxg6 hxg6 12. Nf3 O-O 13. Bd3 Rab8 14. O-O b5 15. Rae1 b4 16. Qc2 bxc3 17. bxc3 Rfc8 18.
Ne5 Nxd4 19. Qd2 Nc6 20. Nf3 Qa3 21. Rb1 Ne7 22. c4 Rxb1 23. Rxb1 dxc4 24. Bxc4 Ne4 25.
Qd4 Nc3 26. Re1 Qb4 27. Rxe6 Qxc4 28. Qxc4 Rxc4 29. Rxe7 Nxa2 30. Re8+ Kh7 31. Ng5+ Kh6 32. Nxf7+ Kh5 33. Rh8+ Kg4 34. Ne5+ 1-0

[Event "*** Titled Tuesday Blitz"]
[Site "Chess.com"]
[Date "2020.04.14"]
[Round "8"]
[White "kagg1125"]
[Black "anesar92"]
[Result "0-1"]
[WhiteElo "2513"]
[BlackElo "2687"]
[TimeControl "180+1"]
[EndTime "11:29:10 PDT"]
[Termination "anesar92 won by resignation"]

1. e4 c5 2. Nf3 Nc6 3. Bb5 d6 4. O-O Nf6 5. d4 cxd4 6. e5 dxe5 7. Nxe5 Bd7 8. Nxd7 Qxd7 9. Nd2 e6 10. Nf3 Bc5 11. Ne5 Qd5 12. Bf4 O-O 13. Re1 Bd6 14. Bc4 Qc5 15. Nd3 Qxc4 16. Bxd6 Rfe8 17. Be5 Nd7 18. Bg3 e5 19. Qg4 Qe6 20. Qxe6 Rxe6 21. f3 Rae8 22. Re2 f6 23. Rae1 Kf7 24. Nf2 Nc5 25. b3 a5 26. a3 g5 27. h4 h6 28. hxg5 hxg5 29. Nd3 Nxd3 30. cxd3 Ne7 31. Bf2 Nd5 32. Rc2 Nc3 33. Rec1 Rc6 34. Be1 Ne2+ 0-1

[Event "*** Titled Tuesday Blitz"]
[Site "Chess.com"]
[Date "2020.04.14"]
[Round "8"]
[White "kingofthenil"]
[Black "RojonR"]
[Result "1-0"]
[WhiteElo "2547"]
[BlackElo "2393"]
[TimeControl "180+1"]
[EndTime "11:29:10 PDT"]
[Termination "kingofthenil won by resignation"]

1. e4 c5 2. d3 Nc6 3. g3 g6 4.
Bg2 Bg7 5. f4 e6 6. Nf3 Nge7 7.
O-O O-O 8. c3 b6 9. Be3 d5 10.
e5 d4 11. cxd4 cxd4 12. Nxd4 Nxd4 13. Bxa8 Ndf5 14. Bf2 Nd5 15. Qb3 Ba6 16. Bc6 Nde3 17. Re1 Nd4 18. Qa4 Nxc6 19. Bxe3 Bb7 20. Nc3 Qxd3 21.
Rad1 Qf5 22. Ne4 Nxe5 23. fxe5 Bxe4 24. Bf4 g5 25. Qxe4 Qxe4 26. Rxe4 gxf4 27. gxf4 Rc8 28. Red4 Rc2 29. R4d2 Rc4 30. Rd8+ Bf8 31. R1d4 Rc2 32.
Rd2 Rc4 33. Rg2+ 1-0

[Event "*** Titled Tuesday Blitz"]
[Site "Chess.com"]
[Date "2020.04.14"]
[Round "8"]
[White "Charlottemillard17"]
[Black "DACF2905"]
[Result "0-1"]
[WhiteElo "1375"]
[BlackElo "2153"]
[TimeControl "180+1"]
[EndTime "11:29:11 PDT"]
[Termination "DACF2905 won on time"]

1. e4 c5 2. c3 e6 3. d4 cxd4 4.
cxd4 d5 5. e5 Bd7 6. Nc3 Nc6 7.
Bd2 Nxd4 8. Be3 Nc6 9. f4 Nge7 10. Nf3 Nf5 11. Bf2 Bb4 12. g4 Nh6 13. h3 Qa5 14.
Rc1 Rc8 15. Bg2 Qxa2 16. O-O Qxb2 17. Ne2 O-O 18. Rb1 Qa2 19. Ra1 Qc4 20. Rc1 Qa6 21. Ra1 Qb5 22. Rb1 a5 23. Nh4 Ne7 24. Ng3 Rc4 25.
g5 Rxf4 26. gxh6 Rxh4 27. Nf5 Nxf5 28. Bxh4 Nxh4 29. hxg7 Kxg7 30. Qg4+ Ng6 31. Bf3 Qc5+ 32. Kh2 Qc2+ 33. Kh1 h5 34. Qg5 Qf5 35. Qxf5 exf5 36.
Bxh5 Nxe5 37. Rg1+ Kf6 38. Bf3 Nxf3 39. Rg3 d4 40.
Rxf3 Bc6 41. Kg2 Bxf3+ 42. Kxf3 Rc8 43. h4 Rc3+ 44. Ke2 Rh3 45. h5 Rxh5 46. Rd1 Ke5 47. Kd3 b5 48. Re1+ Bxe1 49. Kc2 d3+ 50. Kb3 a4+ 0-1

[Event "*** Titled Tuesday Blitz"]
[Site "Chess.com"]
[Date "2020.04.14"]
[Round "8"]
[White "steepedgames"]
[Black "Arjun2002"]
[Result "0-1"]
[WhiteElo "2428"]
[BlackElo "2637"]
[TimeControl "180+1"]
[EndTime "11:29:15 PDT"]
[Termination "Arjun2002 won by resignation"]

1. d4 d5 2. Nf3 Nf6 3. Bf4 c5 4. e3 Nc6 5. c3 Qb6 6. Qb3 c4 7.
Qxb6 axb6 8. Nbd2 Bf5 9. a3 e6 10. Nh4 Bg6 11. Nxg6 hxg6 12. f3 b5 13. Rd1 Be7 14.
e4 Nh5 15. Be3 f5 16. exd5 exd5 17. Be2 Ng3 18. hxg3 Rxh1+ 19. Kf2 Rxd1 20. Bxd1 Kd7 21. Bc2 Nd8 22. f4 Ne6 23. Nf3 Bd6 24. Nh4 Nf8 25.
Kf3 Ke6 26. g4 fxg4+ 27. Kxg4 Kf7 28. Kf3 Re8 29. g4 Be7 30. g5 Bd6 31. Bd2 Re6 32. Be3 Bc7 33. Bd2 Rc6 34. Be3 Nd7 35. f5 gxf5 36. Bxf5 Nf8 37. g6+ Ke8 38. Bc8 Bd8 39. Nf5 Rxc8 40. Nd6+ Kd7 41. Nxc8 Kxc8 42. Kg4 Nxg6 43. Kf5 Nf8 44. Ke5 Kd7 45. Kxd5 Ne6 46. Ke5 Bc7+ 47. Kf5 Kd6 48. Kg6 Kd5 49. Bg1 Bf4 50.
Bf2 Bc1 0-1

[Event "*** Titled Tuesday Blitz"]
[Site "Chess.com"]
[Date "2020.04.14"]
[Round "8"]
[White "Zmof"]
[Black "Schandenfreude"]
[Result "1-0"]
[WhiteElo "2337"]
[BlackElo "2482"]
[TimeControl "180+1"]
[EndTime "11:29:16 PDT"]
[Termination "Zmof won on time"]

1. e4 e6 2. d4 d5 3. e5 c5 4.
c3 Nc6 5. Nf3 Qb6 6. a3 c4 7. Nbd2 Na5 8. Be2 Bd7 9. Rb1 Ne7 10.
b4 cxb3 11. Nxb3 Nxb3 12. Qxb3 Qxb3 13. Rxb3 b6 14. Bb5 Nc6 15. Bxc6 Bxc6 16. Be3 Rc8 17.
Kd2 Be7 18. Ra1 Ba4 19. Rbb1 Kd7 20. Ne1 Rc4 21. Nd3 Rc7 22. Nb2 Bb3 23. a4 Rhc8 24.
Rc1 h6 25. f4 g5 26. g3 Rg8 27. Rf1 gxf4 28. Rxf4 Ke8 29. Nd3 h5 30. a5 b5 31.
Raf1 Bd8 32. Nc5 Bc4 33. R1f2 Rc8 34. a6 Rc6 35. Rxf7 Bb6 36. Bg5 Bxc5 37. dxc5 1-0

[Event "*** Titled Tuesday Blitz"]
[Site "Chess.com"]
[Date "2020.04.14"]
[Round "8"]
[White "Cayse"]
[Black "Harry_Rakkel"]
[Result "0-1"]
[WhiteElo "2686"]
[BlackElo "2564"]
[TimeControl "180+1"]
[EndTime "11:29:17 PDT"]
[Termination "Harry_Rakkel won by resignation"]

1. d4 Nf6 2. Bf4 b6 3. c4 e6 4.
Nc3 Bb4 5. Qb3 a5 6. a3 Bxc3+ 7. Qxc3 Bb7 8. Nf3 O-O 9. e3 d6 10. Be2 Nbd7 11. O-O Ne4 12. Qc2 f5 13. d5 e5 14.
Bg3 a4 15. Nd2 Nxd2 16. Qxd2 Nc5 17. Rae1 Nb3 18. Qc3 f4 19. exf4 exf4 20. Bg4 Nc5 21. f3 fxg3 22. hxg3 Qf6 23. Qc2 Rae8 24. f4 Bc8 25.
Bxc8 Rxc8 26. Qe2 h6 27. Qh5 Qf7 28. Qg4 Rce8 29. Rxe8 Rxe8 30. f5 Qf6 31. Qh5 Re4 32. Rf4 Re1+ 33. Kh2 Nd3 34. Rf3 Qd4 35. f6 Qg1+ 0-1

[Event "*** Titled Tuesday Blitz"]
[Site "Chess.com"]
[Date "2020.04.14"]
[Round "8"]
[White "Anurag328"]
[Black "nocnypako"]
[Result "1/2-1/2"]
[WhiteElo "2756"]
[BlackElo "2598"]
[TimeControl "180+1"]
[EndTime "11:29:18 PDT"]
[Termination "Game drawn - insufficient material"]

1. e4 e6 2. d4 d5 3. Nd2 c5 4. Ngf3 cxd4 5. Nxd4 Nc6 6. Bb5 Bd7 7. Nxc6 Bxc6 8. Bd3 Nf6 9. Qe2 Be7 10. O-O dxe4 11.
Nxe4 O-O 12. Bg5 Nxe4 13. Bxe7 Qxe7 14. Bxe4 Bxe4 15. Qxe4 Rfd8 16. Rfd1 h6 17. g3 Qc7 18. c3 a6 19. Kf1 g6 20. h4 Kg7 21. Ke2 b6 22.
Rac1 e5 23. Rxd8 Rxd8 24. Rd1 f5 25. Qe3 Qc4+ 26. Ke1 Rxd1+ 27. Kxd1 Qc5 28. Qxc5 bxc5 29. b4 cxb4 30. cxb4 Kf6 31. Kd2 Ke6 32. a4 Kd5 33. Kd3 g5 34. hxg5 hxg5 35. Kc3 e4 36. b5 axb5 37. axb5 f4 38. gxf4 gxf4 39. b6 Kc6 40. Kd4 e3 41. fxe3 fxe3 42. Kxe3 Kb7 43. Kd4 Kxb6 1/2-1/2

[Event "*** Titled Tuesday Blitz"]
[Site "Chess.com"]
[Date "2020.04.14"]
[Round "8"]
[White "plumalka"]
[Black "StoreySniper"]
[Result "1-0"]
[WhiteElo "2391"]
[BlackElo "2507"]
[TimeControl "180+1"]
[EndTime "11:29:18 PDT"]
[Termination "plumalka won on time"]

1. e4 g6 2. d4 Bg7 3. Nc3 c5 4. dxc5 Bxc3+ 5. bxc3 Nf6 6. Bd3 Qa5 7. Ne2 Qxc5 8. O-O d6 9. Be3 Qc7 10. h3 Nbd7 11.
f4 Nc5 12. Ng3 h5 13. Qf3 h4 14. Ne2 b6 15. Bd4 Bb7 16. Bxf6 exf6 17. Qe3 O-O-O 18. c4 Rde8 19. Nc3 f5 20. Qd4 fxe4 21. Nb5 Ne6 22. Nxc7 Nxd4 23. Nxe8 Rxe8 24. c3 Nf5 25. Be2 Ng3 26. Rfe1 f5 27. a4 Kc7 28. a5 Rc8 29.
Bd1 Kb8 30. Bb3 d5 31. axb6 axb6 32. Ra4 dxc4 33. Rxc4 Rd8 34. Rd4 Rc8 35. c4 Ba6 36. Kf2 Kb7 37. Red1 Nh5 38. Rd7+ Rc7 39. R7d6 Nxf4 40.
Rf6 Nd3+ 41. Ke3 Nc5 42. Ba2 1-0

[Event "*** Titled Tuesday Blitz"]
[Site "Chess.com"]
[Date "2020.04.14"]
[Round "8"]
[White "northridgehawk"]
[Black "Arencibia"]
[Result "0-1"]
[WhiteElo "2291"]
[BlackElo "2488"]
[TimeControl "180+1"]
[EndTime "11:29:18 PDT"]
[Termination "Arencibia won by checkmate"]

1. e4 e5 2. Nf3 Nc6 3. Bb5 a6 4. Ba4 Nf6 5. d3 d6 6. O-O Bd7 7. c3 g6 8. Bg5 Bg7 9. Nbd2 h6 10. Bh4 O-O 11. Re1 Qe8 12. Nf1 Nh5 13. Ne3 Nf4 14. b4 Nd4 15. Bxd7 Nxf3+ 16. Qxf3 Qxd7 17. Rad1 c6 18. d4 exd4 19. Qxf4 dxe3 20. Rxd6 exf2+ 21. Bxf2 Qe7 22. Bd4 Rad8 23. Rxd8 Rxd8 24. Bxg7 Kxg7 25.
e5 Qe6 26. h3 Rd3 27. Re3 Rxe3 28. Qxe3 Qxa2 29. Kh2 Qd5 30. Qf4 b6 31. Qf6+ Kh7 32. h4 h5 33. Kg3 a5 34. bxa5 bxa5 35. Kf4 a4 36. g4 Qc4+ 37. Kg5 Qxg4# 0-1

[Event "*** Titled Tuesday Blitz"]
[Site "Chess.com"]
[Date "2020.04.14"]
[Round "8"]
[White "maxip32"]
[Black "fabianvivasz"]
[Result "0-1"]
[WhiteElo "2412"]
[BlackElo "2282"]
[TimeControl "180+1"]
[EndTime "11:29:18 PDT"]
[Termination "fabianvivasz won on time"]

1. e4 e5 2. Nf3 Nc6 3. d4 exd4 4. Nxd4 Nf6 5. Nxc6 bxc6 6. Qe2 Bc5 7. Nc3 O-O 8. Bg5 Bd4 9. Qd3 Bxc3+ 10. bxc3 Re8 11. Be2 h6 12. Bxf6 Qxf6 13. O-O a5 14. Rfe1 d6 15. f3 Re5 16. Rab1 Rc5 17. Rb3 Be6 18. Ra3 Bc4 19. Qd4 Qe6 20. Bd3 Rb8 21. f4 Rb2 22. f5 Qe5 23. Bxc4 Qxd4+ 24. cxd4 Rxc4 25. c3 a4 26. Kf1 Rc2 27. Re3 Kf8 28. h3 Ke7 29. g3 Kf6 30. h4 c5 31. dxc5 dxc5 0-1

[Event "*** Titled Tuesday Blitz"]
[Site "Chess.com"]
[Date "2020.04.14"]
[Round "8"]
[White "atalz0"]
[Black "Harut-1998"]
[Result "0-1"]
[WhiteElo "2407"]
[BlackElo "2587"]
[TimeControl "180+1"]
[EndTime "11:29:19 PDT"]
[Termination "Harut-1998 won by resignation"]

1. d4 d5 2. c4 e6 3. Nc3 Bb4 4. cxd5 exd5 5. Bf4 Nf6 6. e3 O-O 7. Bd3 c5 8. dxc5 Nbd7 9. Ne2 Nxc5 10. Bc2 b6 11. a3 Bxc3+ 12. Nxc3 Ba6 13. Be5 Rc8 14. f3 Re8 15. Bd4 Ne6 16. Kf2 Nxd4 17. Qxd4 Rc4 18. Qd3 d4 19. exd4 Rxd4 20. Qxa6 Rd2+ 21.
Ne2 Qd4+ 22. Kf1 Qxb2 23. Bxh7+ Kxh7 24. Re1 b5 25. Qc6 Rexe2 0-1

[Event "*** Titled Tuesday Blitz"]
[Site "Chess.com"]
[Date "2020.04.14"]
[Round "8"]
[White "Muguet7"]
[Black "LuisFSiles"]
[Result "0-1"]
[WhiteElo "2452"]
[BlackElo "2319"]
[TimeControl "180+1"]
[EndTime "11:29:19 PDT"]
[Termination "LuisFSiles won by resignation"]

1. d4 Nf6 2. Nf3 g6 3. c4 Bg7 4.
g3 O-O 5. Bg2 d6 6. O-O c6 7.
Nc3 Qa5 8. Bd2 Qh5 9. e4 Bh3 10. e5 Ng4 11. Ne4 dxe5 12. Bxh3 Qxh3 13. dxe5 Nxe5 14.
Nxe5 Bxe5 15. Qc2 Nd7 16. Rfe1 Qf5 17. Qb3 b6 18. Bh6 Rfe8 19. Rad1 Rad8 20. Bc1 Bg7 21. Qe3 Nf6 22. Rxd8 Rxd8 23. Nc3 e6 24. Ne2 Ng4 25. Qf4 Qxf4 26. Nxf4 Ne5 27. b3 Nf3+ 28. Kf1 Nxe1 29.
Kxe1 h6 30. Ke2 e5 31. Nd3 f5 32. Nb4 Rd6 33. Be3 g5 34. c5 bxc5 35. Bxc5 Rd7 36. Ke3 Bf8 37. Bxf8 Kxf8 38. Nxc6 e4 39. b4 Rd3+ 40. Ke2 Ra3 41. Nd4 Rxa2+ 42. Ke3 Ra3+ 43. Ke2 f4 44. gxf4 gxf4 45. Ne6+ Kg8 46. Nxf4 Kf7 47. Nd5 Ke6 48. Ne3 Ra2+ 49. Ke1 h5 50. Nd1 Rc2 51. Ne3 Rb2 52. Ng2 Rxb4 53. Nf4+ Kd6 54. Nxh5 a5 55.
Ng3 a4 56. Kd2 a3 57. Kc3 Rb8 58. Nxe4+ Ke5 59. Nd2 a2 60. Nc4+ Kf4 0-1

[Event "*** Titled Tuesday Blitz"]
[Site "Chess.com"]
[Date "2020.04.14"]
[Round "8"]
[White "SergeiAza"]
[Black "csati17"]
[Result "1-0"]
[WhiteElo "2770"]
[BlackElo "2534"]
[TimeControl "180+1"]
[EndTime "11:29:20 PDT"]
[Termination "SergeiAza won by resignation"]

1. e4 e6 2. d4 d5 3. Nd2 Nf6 4. e5 Nfd7 5. Bd3 c5 6. c3 Nc6 7.
Ne2 cxd4 8. cxd4 f6 9. exf6 Nxf6 10. Nf3 Bd6 11. O-O O-O 12. Bf4 Bxf4 13. Nxf4 Ng4 14. Ne2 e5 15. dxe5 Rxf3 16. gxf3 Ngxe5 17. Kh1 Nxf3 18. Ng1 Nfe5 19. f4 Ng4 20. Qf3 Nd4 21. Qg3 Qf6 22. Rae1 Bd7 23. h3 Nh6 24. Qg5 Nhf5 25.
Qxf6 gxf6 26. Kh2 Kf7 27. Nf3 Rg8 28. Nxd4 Nxd4 29. Re3 Bf5 30. Rfe1 Bxd3 31. Rxd3 Ne6 32. Rxd5 Nf8 33. Rg1 Ng6 34. f5 Ne7 35. Rd7 Rc8 36. Re1 Rc2+ 1-0

[Event "*** Titled Tuesday Blitz"]
[Site "Chess.com"]
[Date "2020.04.14"]
[Round "8"]
[White "Malev212"]
[Black "anon219"]
[Result "0-1"]
[WhiteElo "2536"]
[BlackElo "2802"]
[TimeControl "180+1"]
[EndTime "11:29:21 PDT"]
[Termination "anon219 won by resignation"]

1. c4 e6 2. g3 d5 3. Nf3 Nf6 4. Bg2 d4 5. O-O c5 6. b4 cxb4 7. a3 bxa3 8. d3 Nc6 9. Nxa3 Be7 10. Bf4 O-O 11. Nb5 a6 12. Qb1 Nh5 13. Bc7 Qe8 14.
Bb6 Rb8 15. Nbxd4 Bd7 16. Bc7 Rc8 17. Qxb7 Nxd4 18. Nxd4 Bf6 19. e3 e5 20. Nc6 e4 21.
d4 Bxc6 22. Qb6 Qd7 23. Be5 Bxe5 24. dxe5 g6 25. Rxa6 Rfd8 26. Ra7 Qe6 27. Qa5 Ng7 28. Rc1 Ra8 29. h4 Rxa7 30. Qxa7 h5 31. Qa5 Re8 32. Rd1 Qxe5 33. Qb6 Ba4 34. Rd6 Nf5 35. Rd5 Qa1+ 36. Kh2 Qa2 37. Ra5 Qxf2 38. Rxa4 Nxe3 0-1

[Event "*** Titled Tuesday Blitz"]
[Site "Chess.com"]
[Date "2020.04.14"]
[Round "8"]
[White "BIG_Pirate"]
[Black "CastleOasisChess"]
[Result "0-1"]
[WhiteElo "2368"]
[BlackElo "2112"]
[TimeControl "180+1"]
[EndTime "11:29:21 PDT"]
[Termination "CastleOasisChess won by checkmate"]

1. Nf3 d5 2. c4 e6 3. g3 c6 4. Bg2 Bd6 5. O-O Nd7 6. d4 f5 7. b3 Ngf6 8. Ba3 Qe7 9. Bxd6 Qxd6 10. Nbd2 O-O 11. Rc1 Ne4 12. Ne1 b6 13. Ndf3 Bb7 14.
Nd3 c5 15. cxd5 exd5 16. e3 Rae8 17. Qc2 Ba6 18. Rfd1 Bxd3 19. Qxd3 Ndf6 20. Nd2 Ng4 21. dxc5 Qh6 22. Qxd5+ Kh8 23. Nf1 Ngxf2 24. Rd4 bxc5 25.
Ra4 Rd8 26. Qb7 Nh3+ 27. Bxh3 Qxh3 28. Rxa7 Qg4 29. Rc2 Rd1 30. Qe7 Rxf1+ 31. Kxf1 Qd1+ 32. Kg2 Qxc2+ 33. Kh3 Nf2+ 34. Kg2 Ng4+ 35. Kf3 Qf2# 0-1

[Event "*** Titled Tuesday Blitz"]
[Site "Chess.com"]
[Date "2020.04.14"]
[Round "8"]
[White "GusKan67"]
[Black "indfraeng"]
[Result "1-0"]
[WhiteElo "2405"]
[BlackElo "2245"]
[TimeControl "180+1"]
[EndTime "11:29:21 PDT"]
[Termination "GusKan67 won by resignation"]

1. d4 d5 2. Nf3 Nf6 3. c4 c6 4. e3 Bf5 5. Nc3 e6 6. Nh4 Be4 7. Qb3 Qc7 8. f3 Bg6 9. Bd2 Nbd7 10.
Nxg6 hxg6 11. f4 Bd6 12. c5 Be7 13. Qd1 Nh7 14. Bd3 g5 15. O-O gxf4 16. exf4 Nhf6 17.
h3 g6 18. Qe2 O-O-O 19. b4 Nh5 20. Qe1 Bf6 21. Be3 Ng7 22. b5 Nf8 23. a4 Nf5 24.
Bxf5 gxf5 25. a5 Ng6 26. a6 Kd7 27. axb7 Qxb7 28. bxc6+ Kxc6 29. Qe2 Rc8 30. Rfb1 Qa8 31. Qa6+ Kd7 32. Rb7+ Ke8 33. Nxd5 exd5 34. Qb5+ Kf8 35.
Raxa7 Kg7 36. Rxf7+ Kh6 37. Rxa8 Rxa8 38. Rxf6 Rhe8 39.
Qc6 1-0

[Event "*** Titled Tuesday Blitz"]
[Site "Chess.com"]
[Date "2020.04.14"]
[Round "8"]
[White "RubensCezila"]
[Black "GreatOwl02"]
[Result "1-0"]
[WhiteElo "2439"]
[BlackElo "2212"]
[TimeControl "180+1"]
[EndTime "11:29:22 PDT"]
[Termination "RubensCezila won by resignation"]

1. c4 e5 2. Nc3 Nf6 3. d3 Nc6 4. Nf3 d5 5. cxd5 Nxd5 6. e3 Be7 7. Be2 O-O 8. O-O Be6 9. a3 Re8 10. Qc2 Bf8 11. Bd2 a5 12. Na4 Qe7 13. Rac1 Rad8 14. Rfd1 Kh8 15. Nc5 Bc8 16. Qa4 Qf6 17. b4 axb4 18.
axb4 Qg6 19. b5 Nb8 20. d4 exd4 21. Nxd4 Nf6 22. Bf3 b6 23. Na6 c5 24. Nc6 Nxc6 25.
bxc6 h5 26. c7 Rd6 27. Bc3 Rxd1+ 28. Rxd1 Kh7 29. Bxf6 Qxf6 30. Qxe8 1-0

[Event "*** Titled Tuesday Blitz"]
[Site "Chess.com"]
[Date "2020.04.14"]
[Round "8"]
[White "AlessiaSanteramo"]
[Black "zacachess"]
[Result "0-1"]
[WhiteElo "2061"]
[BlackElo "2285"]
[TimeControl "180+1"]
[EndTime "11:29:22 PDT"]
[Termination "zacachess won by checkmate"]

1. e4 c5 2. Nf3 d6 3. Bb5+ Nd7 4. d4 cxd4 5. Qxd4 Nf6 6. c4 g6 7. e5 dxe5 8. Nxe5 Bg7 9. Nxd7 Bxd7 10. Bxd7+ Qxd7 11. Be3 O-O 12. Nc3 Rac8 13. b3 Qc6 14. O-O Rfd8 15. Qxa7 Ng4 16. Rac1 Rd3 17. Nd5 Re8 18. Nb4 Qd6 19. g3 Qxb4 20. Bc5 Qd2 21. Rcd1 Qe2 22. Rde1 Qd2 23. Rxe7 Rxe7 24. Bxe7 h5 25. Bc5 Bd4 26. Bxd4 Rxd4 27. Qxb7 Qe2 28. c5 Rd1 29. Rxd1 Qxf2+ 30. Kh1 Qxh2# 0-1

[Event "*** Titled Tuesday Blitz"]
[Site "Chess.com"]
[Date "2020.04.14"]
[Round "8"]
[White "Gabix_94"]
[Black "EndgameGrinder"]
[Result "1-0"]
[WhiteElo "2867"]
[BlackElo "2699"]
[TimeControl "180+1"]
[EndTime "11:29:23 PDT"]
[Termination "Gabix_94 won by resignation"]

1. d4 d5 2. c4 c6 3. Nf3 Nf6 4. Nc3 e6 5. g3 dxc4 6. Bg2 b5 7. Ne5 Nd5 8. O-O Be7 9. e4 Nb6 10. a4 b4 11. Ne2 a5 12. Nf4 O-O 13. Be3 f6 14. Nf3 g5 15. Nh5 Qe8 16. g4 e5 17.
dxe5 Bxg4 18. exf6 Bd8 19. Ng7 Qxe4 20. Nxg5 Qxg2+ 21. Kxg2 Bxd1 22. Raxd1 Bxf6 23. N7e6 Bxg5 24. Nxf8 Bxe3 25.
fxe3 Na6 26. Rd4 Ra7 27. Ne6 h5 28. Rd8+ Kh7 29. Rf5 Nd5 30. Rxh5+ Kg6 31. Rdh8 Nxe3+ 32. Kf3 Nf5 33. Nf4+ Kf6 34. Rf8+ Rf7 35. Rxf7+ Kxf7 36. Rxf5+ 1-0

[Event "*** Titled Tuesday Blitz"]
[Site "Chess.com"]
[Date "2020.04.14"]
[Round "8"]
[White "afgano29"]
[Black "WastefulJustice"]
[Result "0-1"]
[WhiteElo "2673"]
[BlackElo "2459"]
[TimeControl "180+1"]
[EndTime "11:29:23 PDT"]
[Termination "WastefulJustice won by resignation"]

1. d4 Nf6 2. c4 g6 3. Nc3 Bg7 4. Nf3 d6 5. e4 O-O 6. Be2 Bg4 7. Be3 Nfd7 8. Rc1 c5 9. d5 Na6 10. O-O Nc7 11. h3 Bxf3 12. Bxf3 a6 13. a4 Re8 14. Be2 e6 15. Qd2 exd5 16. exd5 f5 17. a5 Qf6 18. Rfe1 Ne5 19. Na4 Nf7 20.
b4 cxb4 21. Qxb4 Rxe3 22. fxe3 Bh6 23. Bf1 Re8 24. Qxb7 Re7 25. c5 dxc5 26. Nxc5 Nd6 27. Qb8+ Kf7 28. Ne6 Nxe6 29. dxe6+ Qxe6 30. Rc7 Bxe3+ 31. Kh1 f4 32. Rxe7+ Qxe7 33. Qa8 Ne4 34. Bxa6 Nf2+ 35. Kh2 Ng4+ 36. Kh1 Nf2+ 37. Kg1 Nd3+ 38. Kf1 Nxe1 39. Bc4+ Kg7 40. Kxe1 Qb4+ 0-1